 Dungeon Crawl Stone Soup version 0.27-a0-1456-gf5a116941d (webtiles) character file.

Game seed: 3349731550981163070

48 Impy the Ducker (level 3, 0/28 HPs)
             Began as a Demonspawn Gladiator on July 5, 2021.
             Was an Initiate of Ashenzari.
             Succumbed to an adder's poison
             ... on level 2 of the Dungeon.
             The game lasted 00:03:49 (1424 turns).

Impy the Ducker (Demonspawn Gladiator)              Turns: 1424, Time: 00:03:50

Health: 0/28       AC:  4    Str: 14    XL:     3   Next: 50%
Magic:  3/3        EV: 12    Int: 10    God:    Ashenzari [......]
Gold:   60         SH:  0    Dex: 14    Spells: 2/2 levels left

rFire    . . .     SeeInvis .   a - +0 long sword
rCold    . . .     Faith    .   (no shield)
rNeg     . . .     Spirit   .   b - +0 leather armour
rPois    .         Reflect  .   c - +0 helmet
rElec    .         Harm     .   (no cloak)
rCorr    .         Rampage  .   (no gloves)
Will     .....                  (no boots)
Stlth    +.........             (no amulet)
HPRegen  0.09/turn              (no ring)
MPRegen  0.16/turn              (no ring)

@: lethally poisoned (0 -> -2)
A: magic regeneration
a: Renounce Religion, Curse Item


You were on level 2 of the Dungeon.
You worshipped Ashenzari.
Ashenzari was noncommittal.
You visited 1 branch of the dungeon, and saw 2 of its levels.

You collected 60 gold pieces.

Inventory:

Hand Weapons
 a - a +0 long sword (weapon)
Armour
 b - a +0 leather armour (worn)
 c - a +0 helmet (worn)
Scrolls
 e - a scroll of identify
 f - a scroll of noise
Potions
 g - a potion of lignification


   Skills:
 + Level 2.7 Fighting
 + Level 3.2 Long Blades
 - Level 1.7 Throwing
 + Level 3.2 Dodging


You had 2 spell levels left.
You didn't know any spells.
Your spell library contained the following spells:

 Spells                   Type           Power      Damage    Failure   Level
 Slow                     Hex            0%         N/A       58%         2
 Confusing Touch          Hex            0%         N/A       82%         3
 Vampiric Draining        Necr           0%         2d6       82%         3


Dungeon Overview and Level Annotations

Branches:
Dungeon (2/15)

Altars:
Ashenzari


Innate Abilities, Weirdness & Mutations

You regenerate magic rapidly.


Message History

You throw a throwing net. The throwing net misses the adder.
You feel sick. The adder bites you but does no damage.
Throw: throwing net
Press: ? - help, Q - select action Shift-Dir - straight line, f/p - adder
Aim: an adder (40% to hit)
You throw a throwing net.
The throwing net closely misses the adder.
You feel sick. The adder barely misses you.
You riposte.
You miss the adder. You miss the adder.
You feel sick. The adder bites you but does no damage.
You closely miss the adder.
You feel sick. The adder misses you.
You riposte.
You hit the adder.
The adder is moderately wounded.
The adder bites you.
You are more poisoned.
The adder poisons you!
You closely miss the adder.
The adder is moderately wounded.
You feel sick. The adder barely misses you.
You hit the adder.
The adder is almost dead.
You feel sick. The adder bites you.
You are lethally poisoned!
The adder poisons you! The adder bites you.
You slash the adder!
You kill the adder!
* * * LOW HITPOINT WARNING * * *
You feel very sick.
There is a lethal amount of poison in your body!
There is a lethal amount of poison in your body!
* * * LOW HITPOINT WARNING * * *
You feel sick.
* * * LOW HITPOINT WARNING * * *
You feel sick.
* * * LOW HITPOINT WARNING * * *
You feel sick.
* * * LOW HITPOINT WARNING * * *
You feel sick.
* * * LOW HITPOINT WARNING * * *
You feel sick.
You die...

#....# .#.....
##.#.##.# #.......#
##.##.##.# #####
.....##.#
....######.##.##.#
.........#.##.##@#
.#....<.[#...>..(#
.#..####......###......
##..#.........# .##.##
##..#.##.#####.....
....#.##.# .#...#
##.......# .# ...
###...### .# ..## #...#
..


There were no monsters in sight!

Vanquished Creatures
  An adder (D:2)
  A dart slug (D:1)
  4 endoplasms (D:1)
  A giant cockroach (D:1)
  3 goblins (D:1)
  2 hobgoblins (D:1)
  3 jackals (D:2)
  3 quokkas (D:1)
  8 ball pythons
  4 bats (D:1)
  2 frilled lizards (D:1)
  A kobold (D:1)
  2 rats (D:1)
35 creatures vanquished.

Notes
Turn   | Place    | Note
-------+----------+-------------------------------------------
     0 | D:1      | Impy the Demonspawn Gladiator began the quest for the Orb.
     0 | D:1      | Reached XP level 1. HP: 16/16 MP: 1/1
   364 | D:1      | Gained mutation: You regenerate magic rapidly. [demonic
                  | ancestry]
   364 | D:1      | Reached XP level 2. HP: 22/22 MP: 2/2
   785 | D:1      | Reached XP level 3. HP: 28/28 MP: 3/3
  1040 | D:1      | Found a faded altar of an unknown god.
  1044 | D:1      | Became a worshipper of Ashenzari the Shackled
  1423 | D:2      | HP: 1/28 [poisoned by an adder]
  1424 | D:2      | Succumbed to an adder's poison

Illustrated notes

Levels and vault maps discovered:
D:1:      saegor_arrival_simple_b, layout_rooms, serial_forest,
          infiniplex_forest_clump_double, infiniplex_forest_end_2,
          infiniplex_forest_end_1, infiniplex_forest_clump_tiny,
          infiniplex_forest_clump_curved, infiniplex_forest_clump_double,
          infiniplex_forest_zigzag_1, shapermc_ecumenical_altar_mp_vishouse
D:2:      layout_loops_cross, serial_shops, nicolae_square_shop,
          kennysheep_jessica_study

Skill      XL: |  1  2 |
---------------+-------+-----
Dodging        | 3 |  3.2
Long Blades    | 3 |  3.2
Fighting       | |  2.7
Throwing       | |  1.7

Action                   || total
-------------------------++-------
Melee: Long sword        ||    84
Throw: Throwing net      ||     3
  Use: Scroll            ||     1
       Potion            ||     1
Armor: Leather armour    ||    29
Dodge: Dodged            ||    58
       Rpst.: Long sword ||    19

Table legend: (Time is in decaauts)
 A = Elapsed time spent in this place.
 B = Non-inter-level travel time spent in this place.
 C = Inter-level travel time spent in this place.
 D = Time resting spent in this place.
 E = Time spent auto-exploring this place.
 F = Levels seen in this place.
 G = Mean time per level.
                   A        B        C        D        E       F      G
               +--------+--------+--------+--------+--------+-----+--------+
         Total |   1444 |   1426 |     18 |      0 |   1177 |   2 |  722.0 |
       Dungeon |   1444 |   1426 |     18 |      0 |   1177 |   2 |  722.0 |
               +--------+--------+--------+--------+--------+-----+--------+

Top non-repeatable levels by time:
     D:1: 1335 daAuts
     D:2: 109 daAuts
